TOP OF THE 1ST |
Washington Generals batting - Pitching for Valley Blue Sox : LHP Tom Hegedus
|
Pitching: LHP Tom Hegedus
|
|
Batting: RHB Eun-bum Song
|
0-0: Called Strike 0-1: Ball 1-1: Swinging Strike 1-2: Strikes out looking
|
Batting: RHB Charles Atkinson
|
0-0: Foul Ball, location: 2F 0-1: Ball 1-1: Called Strike 1-2: Strikes out looking
|
Batting: RHB Fernando Acevedo
|
0-0: Foul Ball, location: 2F 0-1: Ball 1-1: Swinging Strike 1-2: Ball 2-2: Foul Ball, location: 2F 2-2: Foul Ball, location: 2F 2-2: Ground out 5-3 (Groundball, 5)
|
Top of the 1st over - 0 runs, 0 hits, 0 errors, 0 left on base; Washington 0 - Valley 0 |
BOTTOM OF THE 1ST |
Valley Blue Sox batting - Pitching for Washington Generals : RHP Ramón Gálvez
|
Pitching: RHP Ramón Gálvez
|
|
Batting: RHB Dale Epner
|
0-0: Foul Ball, location: 2F 0-1: Swinging Strike 0-2: Ball 1-2: Ball 2-2: Ball 3-2: Base on Balls
|
Batting: SHB Donnie Magee
|
0-0: Fly out, F8 (Flyball, 8RD)
|
Batting: RHB Richard Trevithick
|
0-0: Called Strike 0-1: Ball 1-1: Fly out, F8 (Flyball, 8LD)
|
Batting: RHB Jon Huband
|
0-0: Called Strike 0-1: Ball 1-1: Fly out, F9 (Flyball, 89M)
|
Bottom of the 1st over - 0 runs, 0 hits, 0 errors, 1 left on base; Washington 0 - Valley 0 |
TOP OF THE 2ND |
Washington Generals batting - Pitching for Valley Blue Sox : LHP Tom Hegedus
|
Batting: RHB Ashton Bailey
|
0-0: Swinging Strike 0-1: Ball 1-1: Ball 2-1: Foul Ball, location: 2F 2-2: Ball 3-2: Foul Ball, location: 2F 3-2: Base on Balls
|
Batting: RHB Robin Padilla
|
0-0: Ball 1-0: Called Strike 1-1: Ball 2-1: Swinging Strike 2-2: Foul Ball, location: 2F 2-2: Ball 3-2: Strikes out swinging
|
Batting: RHB Wen-hua Zhào
|
0-0: Ball 1-0: Ball 2-0: Ball 3-0: Called Strike 3-1: Foul Ball, location: 2F 3-2: Foul Ball, location: 2F 3-2: Base on Balls Ashton Bailey to second
|
Batting: RHB Dale Clark
|
0-0: Called Strike 0-1: Ball 1-1: Fielders Choice at 2nd, 5-4 (Groundball, 56) Ashton Bailey to third
|
Batting: RHB Raúl Ocasio
|
0-0: Ball 1-0: Swinging Strike 1-1: Ball 2-1: Ball 3-1: Foul Ball, location: 2F 3-2: Foul Ball, location: 2F 3-2: Foul Ball, location: 2F 3-2: Strikes out swinging
|
Top of the 2nd over - 0 runs, 0 hits, 0 errors, 2 left on base; Washington 0 - Valley 0 |
BOTTOM OF THE 2ND |
Valley Blue Sox batting - Pitching for Washington Generals : RHP Ramón Gálvez
|
Batting: LHB Walter Butler
|
0-0: Ball 1-0: Foul Ball, location: 2F 1-1: Ground out 4-3 (Groundball, 4)
|
Batting: RHB Dallas Jiménez
|
0-0: Ball 1-0: Ball 2-0: Called Strike 2-1: Called Strike 2-2: Ball 3-2: Base on Balls
|
Batting: RHB Júlio Hernández
|
0-0: Ball 1-0: Called Strike 1-1: Grounds into double play, 5-4-3 (Groundball, 56)
|
Bottom of the 2nd over - 0 runs, 0 hits, 0 errors, 0 left on base; Washington 0 - Valley 0 |
TOP OF THE 3RD |
Washington Generals batting - Pitching for Valley Blue Sox : LHP Tom Hegedus
|
Batting: LHB Mike O'Neil
|
0-0: Ball 1-0: Ball 2-0: Called Strike 2-1: Foul Ball, location: 2F 2-2: Ball 3-2: Strikes out swinging
|
Batting: RHB Eun-bum Song
|
0-0: Foul Ball, location: 2F 0-1: Ball 1-1: Fly out, F7 (Line Drive, 78D)
|
Batting: RHB Charles Atkinson
|
0-0: Ground out 6-3 (Groundball, 6)
|
Top of the 3rd over - 0 runs, 0 hits, 0 errors, 0 left on base; Washington 0 - Valley 0 |
BOTTOM OF THE 3RD |
Valley Blue Sox batting - Pitching for Washington Generals : RHP Ramón Gálvez
|
Batting: RHB Grady Harris
|
0-0: Called Strike 0-1: Swinging Strike 0-2: Ball 1-2: Strikes out swinging
|
Batting: RHB Ju-wei Huang
|
0-0: Called Strike 0-1: Foul Ball, location: 2F 0-2: Strikes out swinging
|
Batting: RHB Dale Epner
|
0-0: Swinging Strike 0-1: Swinging Strike 0-2: Strikes out looking
|
Bottom of the 3rd over - 0 runs, 0 hits, 0 errors, 0 left on base; Washington 0 - Valley 0 |
TOP OF THE 4TH |
Washington Generals batting - Pitching for Valley Blue Sox : LHP Tom Hegedus
|
Batting: RHB Fernando Acevedo
|
0-0: Ball 1-0: SINGLE (Groundball, 5L) (infield hit)
|
Batting: RHB Ashton Bailey
|
0-0: Called Strike 0-1: Foul Ball, location: 2F 0-2: Strikes out swinging
|
Batting: RHB Robin Padilla
|
0-0: Ball 1-0: Called Strike 1-1: Ball 2-1: Foul Ball, location: 2F 2-2: Ball 3-2: Fly out, F6 (Line Drive, 6)
|
Batting: RHB Wen-hua Zhào
|
0-0: Ball 1-0: Called Strike 1-1: Called Strike 1-2: Ball 2-2: Ball 3-2: Foul Ball, location: 2F 3-2: Fly out, F6 (Line Drive, 6M)
|
Top of the 4th over - 0 runs, 1 hit, 0 errors, 1 left on base; Washington 0 - Valley 0 |
BOTTOM OF THE 4TH |
Valley Blue Sox batting - Pitching for Washington Generals : RHP Ramón Gálvez
|
Batting: SHB Donnie Magee
|
0-0: Ball 1-0: Foul Ball, location: 2F 1-1: Called Strike 1-2: Ball 2-2: Foul Ball, location: 2F 2-2: Ball 3-2: DOUBLE (Flyball, 78D)
|
Batting: RHB Richard Trevithick
|
0-0: Called Strike 0-1: Ball 1-1: Ground out 5-3 (Groundball, 56S) Donnie Magee to third
|
Batting: RHB Jon Huband
|
0-0: Ball 1-0: Foul Ball, location: 2F 1-1: Foul Ball, location: 2F 1-2: Ball 2-2: Strikes out swinging
|
Batting: LHB Walter Butler
|
0-0: Ball 1-0: Ball 2-0: Ball 3-0: Called Strike 3-1: Foul Ball, location: 2F 3-2: Reached on error, E4 (Groundball, 4) Donnie Magee scores
|
Batting: RHB Dallas Jiménez
|
0-0: Foul Ball, location: 2F 0-1: Ball 1-1: Ball 2-1: Foul Ball, location: 2F 2-2: Strikes out looking
|
Bottom of the 4th over - 1 run, 1 hit, 1 error, 1 left on base; Washington 0 - Valley 1 |
TOP OF THE 5TH |
Washington Generals batting - Pitching for Valley Blue Sox : LHP Tom Hegedus
|
Batting: RHB Dale Clark
|
0-0: Swinging Strike 0-1: Called Strike 0-2: Ball 1-2: Strikes out swinging
|
Batting: RHB Raúl Ocasio
|
0-0: Ball 1-0: Called Strike 1-1: Swinging Strike 1-2: Ball 2-2: Strikes out swinging
|
Batting: LHB Mike O'Neil
|
0-0: Called Strike 0-1: Ball 1-1: Ball 2-1: Ball 3-1: Foul Ball, location: 2F 3-2: Base on Balls
|
Batting: RHB Eun-bum Song
|
0-0: Called Strike 0-1: Swinging Strike 0-2: Ball 1-2: Foul Ball, location: 2F 1-2: Strikes out swinging, 2-3 out at first.
|
Top of the 5th over - 0 runs, 0 hits, 0 errors, 1 left on base; Washington 0 - Valley 1 |
BOTTOM OF THE 5TH |
Valley Blue Sox batting - Pitching for Washington Generals : RHP Ramón Gálvez
|
Batting: RHB Júlio Hernández
|
0-0: Foul Ball, location: 2F 0-1: Called Strike 0-2: Ground out 5-3 (Groundball, 56)
|
Batting: RHB Grady Harris
|
0-0: Ball 1-0: Ball 2-0: Called Strike 2-1: Swinging Strike 2-2: Ball 3-2: SINGLE (Groundball, 56D)
|
Batting: RHB Ju-wei Huang
|
0-0: Fly out, F8 (Flyball, 89S)
|
Batting: RHB Dale Epner
|
0-0: Foul Ball, location: 2F 0-1: Called Strike 0-2: Fielders Choice at 2nd, 5-4 (Groundball, 56)
|
Bottom of the 5th over - 0 runs, 1 hit, 0 errors, 1 left on base; Washington 0 - Valley 1 |
TOP OF THE 6TH |
Washington Generals batting - Pitching for Valley Blue Sox : LHP Tom Hegedus
|
Batting: RHB Charles Atkinson
|
0-0: Called Strike 0-1: Foul Ball, location: 2F 0-2: Ball 1-2: Ball 2-2: SINGLE (Line Drive, 4MD)
|
Batting: RHB Fernando Acevedo
|
0-0: Called Strike 0-1: Foul Ball, location: 2F 0-2: Ball 1-2: SINGLE (Line Drive, 89S) Charles Atkinson to second
|
Batting: RHB Ashton Bailey
|
0-0: Called Strike 0-1: SINGLE (Flyball, 8LS) Charles Atkinson to third Fernando Acevedo to second Runner from 3rd tries for Home, throw and OUT!
|
Batting: RHB Robin Padilla
|
0-0: Called Strike 0-1: Ball 1-1: Ball 2-1: Called Strike 2-2: Ball 3-2: Fly out, F9 (Flyball, 9)
|
Batting: RHB Wen-hua Zhào
|
0-0: Called Strike 0-1: SINGLE (Groundball, 34D) Fernando Acevedo to third Ashton Bailey to second Runner from 3rd tries for Home, SAFE, no throw
|
Pitching: RHP Francisco Rodríguez
|
|
Batting: RHB Dale Clark
|
0-0: Ball 1-0: Ball 2-0: Ball 3-0: Base on Balls Ashton Bailey to third Wen-hua Zhào to second
|
Batting: RHB Raúl Ocasio
|
0-0: Called Strike 0-1: Ball 1-1: Ball 2-1: Called Strike 2-2: Ball 3-2: Foul Ball, location: 2F 3-2: GRAND SLAM HOME RUN (Line Drive, 7LD), Distance : 333 ft
|
Pitching: LHP Markus Martin
|
|
Batting: LHB Mike O'Neil
|
0-0: Ball 1-0: Ball 2-0: Swinging Strike 2-1: Foul Ball, location: 2F 2-2: Strikes out looking
|
Top of the 6th over - 5 runs, 5 hits, 0 errors, 0 left on base; Washington 5 - Valley 1 |
BOTTOM OF THE 6TH |
Valley Blue Sox batting - Pitching for Washington Generals : RHP Ramón Gálvez
|
Batting: SHB Donnie Magee
|
0-0: Ball 1-0: Foul Ball, location: 2F 1-1: Foul Ball, location: 2F 1-2: Strikes out swinging, 2-3 out at first.
|
Batting: RHB Richard Trevithick
|
0-0: Called Strike 0-1: Foul Ball, location: 2F 0-2: Ball 1-2: Foul Ball, location: 2F 1-2: Foul Ball, location: 2F 1-2: Foul Ball, location: 2F 1-2: SOLO HOME RUN (Flyball, 89XD), Distance : 370 ft
|
Batting: RHB Jon Huband
|
0-0: Called Strike 0-1: Ball 1-1: Ball 2-1: Ball 3-1: Fly out, F5 (Line Drive, 56)
|
Batting: LHB Walter Butler
|
0-0: Ball 1-0: Swinging Strike 1-1: Fly out, F7 (Flyball, 78M)
|
Bottom of the 6th over - 1 run, 1 hit, 0 errors, 0 left on base; Washington 5 - Valley 2 |
TOP OF THE 7TH |
Washington Generals batting - Pitching for Valley Blue Sox : LHP Markus Martin
|
Batting: RHB Eun-bum Song
|
0-0: Ground out 6-3 (Groundball, 6)
|
Batting: RHB Charles Atkinson
|
0-0: SINGLE (Line Drive, 4MD)
|
Batting: RHB Fernando Acevedo
|
0-0: Called Strike 0-1: Foul Ball, location: 2F 0-2: Foul Ball, location: 2F 0-2: Ball 1-2: Ball 2-2: Strikes out swinging
|
Batting: RHB Ashton Bailey
|
0-0: Ball 1-0: Ball 2-0: Foul Ball, location: 2F 2-1: Foul Ball, location: 2F 2-2: SINGLE (Flyball, 8LS) Charles Atkinson to second Runner from 2nd tries for 3rd, SAFE, throw made to third
|
Batting: RHB Robin Padilla
|
0-0: Ball 1-0: Foul Ball, location: 2F 1-1: Swinging Strike 1-2: Foul Ball, location: 2F 1-2: Ball 2-2: Strikes out looking
|
Top of the 7th over - 0 runs, 2 hits, 0 errors, 2 left on base; Washington 5 - Valley 2 |
BOTTOM OF THE 7TH |
Valley Blue Sox batting - Pitching for Washington Generals : RHP Ramón Gálvez
|
Batting: RHB Dallas Jiménez
|
0-0: Fly out, F9 (Flyball, 9LS)
|
Batting: RHB Júlio Hernández
|
0-0: Foul Ball, location: 2F 0-1: Ground out 5-3 (Groundball, 56)
|
Batting: RHB Grady Harris
|
0-0: Swinging Strike 0-1: Ball 1-1: Called Strike 1-2: Ground out 6-3 (Groundball, 6)
|
Bottom of the 7th over - 0 runs, 0 hits, 0 errors, 0 left on base; Washington 5 - Valley 2 |
TOP OF THE 8TH |
Washington Generals batting - Pitching for Valley Blue Sox : LHP Markus Martin
|
Batting: RHB Wen-hua Zhào
|
0-0: Ball 1-0: Foul Ball, location: 2F 1-1: Foul Ball, location: 2F 1-2: Ball 2-2: Foul Ball, location: 2F 2-2: Fly out, F6 (Popup, 6MD)
|
Batting: RHB Dale Clark
|
0-0: Ball 1-0: Fly out, F9 (Flyball, 9)
|
Batting: RHB Raúl Ocasio
|
0-0: Ball 1-0: Ball 2-0: Ball 3-0: Called Strike 3-1: Base on Balls
|
Batting: LHB Mike O'Neil
|
0-0: Ball 1-0: SINGLE (Groundball, 34D) Raúl Ocasio to second Runner from 2nd tries for 3rd, SAFE, no throw
|
Batting: RHB Eun-bum Song
|
0-0: Called Strike 0-1: Ball 1-1: Ball 2-1: Called Strike 2-2: Ball 3-2: Fly out, F9 (Flyball, 89D)
|
Top of the 8th over - 0 runs, 1 hit, 0 errors, 2 left on base; Washington 5 - Valley 2 |
BOTTOM OF THE 8TH |
Valley Blue Sox batting - Pitching for Washington Generals : RHP Ramón Gálvez
|
Batting: RHB Ju-wei Huang
|
0-0: Ball 1-0: Ball 2-0: SINGLE (Line Drive, 4MD)
|
Batting: RHB Dale Epner
|
0-0: Ball 1-0: Called Strike 1-1: Ball 2-1: Called Strike 2-2: Foul Ball, location: 2F 2-2: Ball 3-2: Foul Ball, location: 2F 3-2: Ground out 4-3 (Groundball, 4MS) Ju-wei Huang to second
|
Pitching: LHP Ryan Carr
|
|
Batting: SHB Donnie Magee
|
0-0: Foul Ball, location: 2F 0-1: Called Strike 0-2: Strikes out swinging
|
Batting: RHB Richard Trevithick
|
0-0: Foul Ball, location: 2F 0-1: Ball 1-1: Called Strike 1-2: Foul Ball, location: 2F 1-2: SINGLE (Flyball, 5D) Ju-wei Huang to third Runner from 3rd tries for Home, SAFE, no throw
|
Pinch Runner at 1st Cisco Beltrán:
|
|
Batting: RHB Jon Huband
|
0-0: Called Strike 0-1: Swinging Strike 0-2: Ball Wild Pitch! Cisco Beltrán to second 1-2: Ball 2-2: Strikes out swinging
|
Bottom of the 8th over - 1 run, 2 hits, 0 errors, 1 left on base; Washington 5 - Valley 3 |
TOP OF THE 9TH |
Washington Generals batting - Pitching for Valley Blue Sox : LHP Markus Martin
|
Now in CF: Cisco Beltrán
|
|
Batting: RHB Charles Atkinson
|
0-0: Fly out, F4 (Line Drive, 4)
|
Batting: RHB Fernando Acevedo
|
0-0: Ball 1-0: Ball 2-0: Called Strike 2-1: Ball 3-1: Base on Balls
|
Batting: RHB Ashton Bailey
|
0-0: Ball 1-0: Ball 2-0: Ball 3-0: Base on Balls Fernando Acevedo to second
|
Pitching: RHP Risto Latva
|
|
Batting: RHB Robin Padilla
|
0-0: Ball 1-0: Swinging Strike 1-1: Ball 2-1: Swinging Strike 2-2: Foul Ball, location: 2F 2-2: Strikes out swinging
|
Batting: RHB Wen-hua Zhào
|
0-0: Ball 1-0: Called Strike 1-1: Fly out, F7 (Flyball, 7)
|
Top of the 9th over - 0 runs, 0 hits, 0 errors, 2 left on base; Washington 5 - Valley 3 |
BOTTOM OF THE 9TH |
Valley Blue Sox batting - Pitching for Washington Generals : LHP Ryan Carr
|
Pitching: RHP Milton Mathews
|
|
Batting: LHB Walter Butler
|
0-0: Foul Ball, location: 2F 0-1: Ball 1-1: Foul Ball, location: 2F 1-2: Foul Ball, location: 2F 1-2: Strikes out looking
|
Batting: RHB Dallas Jiménez
|
0-0: Fly out, F8 (Flyball, 8RM)
|
Batting: RHB Júlio Hernández
|
0-0: Called Strike 0-1: Ball 1-1: Ball 2-1: Foul Ball, location: 2F 2-2: Ground out 5-3 (Groundball, 56S)
|
Bottom of the 9th over - 0 runs, 0 hits, 0 errors, 0 left on base; Washington 5 - Valley 3 |
|